 Dungeon Crawl Stone Soup version 0.20-a0-1040-gfd09691 (console) character file.

170 nht the Firebug (level 5, -1/38 HPs)
             Began as a Hill Orc Fire Elementalist on Apr 23, 2017.
             Was an Initiate of Okawaru.
             Slain by a worker ant (6 damage)
             ... on level 4 of the Dungeon.
             The game lasted 00:07:43 (4285 turns).

nht the Firebug (Hill Orc Fire Elementalist)        Turns: 4285, Time: 00:07:44

Health: -1/38      AC:  4    Str: 11    XL:     5   Next: 51%
Magic:  7/7        EV: 11    Int: 16    God:    Okawaru [......]
Gold:   214        SH:  0    Dex: 11    Spells: 3/7 levels left

rFire    . . .     SeeInvis .   p - -1 hunting sling (curse)
rCold    . . .     Gourm    .   (no shield)
rNeg     . . .     Faith    .   d - +0 leather armour
rPois    .         Spirit   .   e - +0 helmet
rElec    .         Reflect  .   (no cloak)
rCorr    .         Harm     .   (no gloves)
MR       .....                  (no boots)
Stlth    +.........             (no amulet)
Regen    0.2/turn               (no ring)
MPRegen  0.1/turn               (no ring)

@: lethally poisoned (-1 -> -28)
A: no striking features
a: Renounce Religion


You were on level 4 of the Dungeon.
You worshipped Okawaru.
Okawaru was noncommittal.
You were very hungry.

You visited 1 branch of the dungeon, and saw 4 of its levels.

You collected 214 gold pieces.

Inventory:

Hand Weapons
 j - a +2 dagger of draining
 k - a cursed -1 dagger
 m - a +1 dagger of electrocution
 n - a +0 hand axe
 p - a cursed -1 hunting sling (weapon)
Missiles
 q - 117 stones (quivered)
 r - 14 sling bullets
Armour
 d - a +0 leather armour (worn)
 e - a +0 helmet (worn)
Wands
 o - a wand of acid (3/15)
Scrolls
 g - a scroll of enchant weapon
 h - 3 scrolls of immolation
 i - a scroll of identify
Potions
 a - a potion of might
Books
 b - a book of Flames

   Spells                             Type                      Level
   a - Flame Tongue                   Conjuration/Fire             1
   b - Throw Flame                    Conjuration/Fire             2
   c - Conjure Flame                  Conjuration/Fire             3
   d - Inner Flame                    Hexes/Fire                   3
   e - Sticky Flame                   Conjuration/Fire             4
   f - Fireball                       Conjuration/Fire             5
Comestibles
 c - 4 bread rations
 f - a royal jelly


   Skills:
 + Level 1.6 Axes
 - Level 1.5 Dodging
 - Level 1.5 Stealth
 - Level 1.5 Spellcasting
 - Level 3.5 Conjurations
 - Level 5.0 Fire Magic


You had 3 spell levels left.
You knew the following spells:

 Your Spells              Type           Power        Failure   Level  Hunger
a - Flame Tongue          Conj/Fire      ##...        4%          1    ##.....
b - Conjure Flame         Conj/Fire      ##......     14%         3    ####...


Dungeon Overview and Level Annotations

Branches:
Dungeon (4/15)
 Temple: D:4-7

Altars:
Dithmenos
Elyvilon
Nemelex Xobeh
Okawaru
Vehumet
Xom

Annotations:
D:3 nht's ghost, amateur DDHu


Message History

You feel sick.
The worker ant bites you but does no damage. x2
Firing (i - inventory. (,) - cycle):
q - 119 stones (quivered)
Press: ? - help, Shift-Dir - straight line, f/p - worker ant
Aim: a worker ant (heavily wounded)
You shoot a stone. The stone hits the worker ant.
The worker ant is severely wounded.
* * * LOW HITPOINT WARNING * * *
You feel sick. The worker ant bites you.
* * * LOW HITPOINT WARNING * * *
You are more poisoned.
The worker ant poisons you!
Firing (i - inventory. (,) - cycle):
q - 118 stones (quivered)
Press: ? - help, Shift-Dir - straight line, f/p - worker ant
Aim: a worker ant (severely wounded)
You shoot a stone. The stone barely misses the worker ant.
* * * LOW HITPOINT WARNING * * *
You feel very sick. The worker ant closely misses you.
The worker ant bites you.
You die...

█.:.... █......
█...... █......
█...... █......
█......██████
█......@....█
█.████a████.███
█( █...█ █.
███.█ █. █.█ █.
█(█ █. █.█
█.██████.███████
█.[..........█


You could see a worker ant.

Vanquished Creatures
  A worker ant (D:4)
  Robin (D:1)
  4 adders
  An ooze (D:2)
  3 worms
  5 orcs (D:3)
  2 giant cockroaches (D:2)
  16 goblins
  16 hobgoblins
  A quokka (D:3)
  8 bats
  4 frilled lizards
  9 kobolds
  8 rats
79 creatures vanquished.

Notes
Turn   | Place    | Note
-------+----------+-------------------------------------------
     0 | D:1      | nht the Hill Orc Fire Elementalist began the quest for the Orb.
     0 | D:1      | Reached XP level 1. HP: 14/14 MP: 3/3
   424 | D:1      | Reached XP level 2. HP: 20/20 MP: 2/4
   947 | D:1      | Reached skill level 4 in Fire Magic
   947 | D:1      | Reached XP level 3. HP: 7/26 MP: 0/5
  1462 | D:2      | Noticed Robin
  1524 | D:1      | Killed Robin
  1579 | D:2      | Reached XP level 4. HP: 26/33 MP: 2/6
  1784 | D:2      | Found a shadowy altar of Dithmenos.
  2047 | D:2      | Found a sparkling altar of Nemelex Xobeh.
  2557 | D:3      | Noticed nht's ghost (amateur DDHu)
  2880 | D:3      | Learned a level 3 spell: Conjure Flame
  3071 | D:3      | Reached XP level 5. HP: 38/38 MP: 2/7
  3072 | D:3      | Reached skill level 5 in Fire Magic
  3323 | D:3      | Found an iron altar of Okawaru.
  3323 | D:3      | Found a white marble altar of Elyvilon.
  3364 | D:3      | Became a worshipper of Warmaster Okawaru
  3934 | D:3      | Found a shimmering altar of Xom.
  3937 | D:3      | Found a radiant altar of Vehumet.
  4077 | D:4      | Reached skill level 1 in Axes
  4285 | D:4      | Slain by a worker ant

Vault maps used:
D:1:      dpeg_cavernosity, minmay_tromino_v7
D:2:      kennysheep_six_static_rooms, grunt_dithmenos_smoke_and_mirrors,
          first_bread, nemelex_spade_bored_becter, uniq_robin
D:3:      minitemple, gammafunk_temple_overflow_statue
D:4:      portal_sewer_entry_e, uniq_menkaure

Skill      XL: |  1  2  3  4  5 |
---------------+----------------+-----
Fire Magic     | 4 5 |  5.0
Conjurations   | 2 3 |  3.5
Axes           | 1 |  1.6
Dodging        | |  1.5
Stealth        | |  1.5
Spellcasting   | |  1.5

Action                   |  1- 3 |  4- 6 || total
-------------------------+-------+-------++-------
Melee: Dagger            |    24 |    61 ||    85
 Fire: Hunting sling     |       |    35 ||    35
 Cast: Flame Tongue      |    44 |    75 ||   119
  Use: Potion            |     4 |     3 ||     7
       Scroll            |     3 |     8 ||    11
  Eat: Chunk             |     3 |     9 ||    12
Armor: Robe              |    14 |     9 ||    23
       Skin              |       |    23 ||    23
       Leather armour    |       |     8 ||     8
Dodge: Dodged            |    34 |    55 ||    89
